Map: King Sejong Station LE

Players

godofredo - Winner!

  • Race: Terran Terran

dossi

  • Race: Zerg Zerg
  • League: Gold

VOD

Have the link to the VOD?

Description

I lost to a terran that had double my APM, but it was pretty close.

Time

  • Played on: Aug. 30, 2016, 5:35 p.m.
  • Length: 19:01
Show
View Real Time Build Order
Export as new Build Order

godofredo Terran - Winner!

Build Orders: Reaper Expand, MMM Bio 

Get SALT Encoding   

  12  0:01  SCV  
  13  0:13  SCV  
  14  0:17  Supply Depot  
  14  0:25  SCV  
  15  0:40  Barracks  
  15  0:43  Refinery  
  15  0:45  SCV  
  16  0:57  SCV  
  17  1:09  SCV  
  18  1:21  SCV  
  19  1:27  Reaper  
  20  1:34  Orbital Command  
  20  1:45  Command Center  
  20  1:56  Supply Depot  
  20  2:06  Factory  
  20  2:12  Refinery  
  20  2:16  SCV  
  20  2:21  Barracks Reactor  
  21  2:28  SCV  
  22  2:40  SCV  
  23  2:52  SCV  
  23  2:57  Barracks  
  23  2:58  Orbital Command  
  23  2:59  Marine x2  
  23  3:02  Factory Tech Lab  
  25  3:06  SCV  
  26  3:17  Marine x2  
  26  3:18  SCV  
  29  3:26  SCV  
  30  3:30  SCV  
  30  3:31  Cyclone, Barracks  
  35  3:35  Marine x2  
  37  3:46  Barracks Tech Lab  
  37  3:53  SCV, Marine x2  
  37  3:55  Starport, SCV  
  41  4:03  Cyclone  
  41  4:05  Stimpack, SCV  
  46  4:16  Refinery  
  46  4:18  SCV x2  
  46  4:23  Barracks Reactor  
  46  4:24  Marine x2  
  46  4:49  Supply Depot, Engineering Bay x2  
  46  4:52  Supply Depot  
  46  5:08  Command Center  
  46  5:09  SCV, Marine x2  
  46  5:10  Medivac, SCV  
  46  5:11  Marauder  
  50  5:21  Marine  
  50  5:22  SCV x2, Marine  
  50  5:27  Marine x2  
  56  5:28  Supply Depot  
  56  5:32  Marauder  
  56  5:33  Supply Depot  
  56  5:34  SCV  
  59  5:36  Terran Infantry Weapons Level 1  
  59  5:39  Terran Infantry Armor Level 1, Marine x2  
  61  5:45  SCV  
  61  5:49  Marine x2  
  62  5:50  Siege Tank  
  62  5:54  Medivac  
  69  5:57  Marine x2  
  69  6:01  Supply Depot  
  71  6:07  Marine x2, SCV x2  
  71  6:08  Marine  
  76  6:17  Marine  
  76  6:18  Marine  
  78  6:20  SCV  
  78  6:25  Marine x3  
  82  6:40  Marine x2, SCV x2  
  82  6:41  Refinery  
  82  6:43  Marauder, Marine x2  
  82  6:46  Supply Depot  
  90  6:52  SCV  
  91  6:54  Armory  
  91  6:58  Marine x2  
  91  7:01  Marine  
  93  7:02  Orbital Command  
  93  7:03  Marine  
  93  7:05  Marauder  
  97  7:09  Supply Depot  
  97  7:12  Combat Shields  
  97  7:13  Barracks  
  97  7:16  Marine x2  
  97  7:19  Marine  
  100  7:26  Marauder  
  100  7:28  Marine  
  104  7:30  SCV x2  
  104  7:34  Marine x2  
  104  7:37  Marine  
  107  7:42  SCV x2  
  110  7:46  Marine  
  110  7:48  Marauder  
  110  7:49  SCV  
  114  7:51  Marine, Terran Infantry Weapons Level 2  
  114  7:52  Marine  
  114  7:54  SCV  
  114  7:55  Marine  
  110  8:03  Marine  
  111  8:07  Medivac  
  111  8:09  Marauder, Marine  
  111  8:11  Starport  
  114  8:13  Starport  
  88  8:28  Marine x4  
  88  8:30  Marauder  
  88  8:31  Barracks Reactor  
  94  8:35  Siege Tank  
  94  8:36  Barracks  
  94  8:38  Barracks  
  97  8:46  SCV x2, Marine x4  
  97  8:47  SCV  
  104  8:52  Marauder  
  106  8:58  SCV  
  93  9:04  Marine x2  
  85  9:12  Liberator x3  
  83  9:18  Marine x2  
  83  9:19  Marauder  
  83  9:22  Terran Infantry Armor Level 2, Marine x2  
  89  9:27  Supply Depot  
  90  9:36  Marine x2  
  86  9:39  Marine  
  86  9:40  Reaper, Marine  
  89  9:47  SCV x2  
  89  9:48  SCV  
  89  9:49  Barracks Reactor  
  89  9:51  Barracks Tech Lab  
  89  9:52  Concussive Shells  
  92  9:54  Marine  
  92  9:55  Liberator x3  
  92  9:59  SCV  
  95  10:00  SCV x2  
  95  10:06  Siege Tank  
  99  10:08  Supply Depot  
  99  10:11  SCV  
  99  10:12  SCV x2  
  111  10:15  Refinery  
  111  10:20  Marine x3  
  114  10:23  SCV  
  114  10:24  SCV x2  
  114  10:26  Marine  
  114  10:27  Refinery, Marine  
  119  10:30  Marine  
  119  10:31  Marauder  
  119  10:32  Marine  
  123  10:36  SCV x2  
  123  10:38  Marine x2  
  127  10:45  Marauder, Marine x2  
  127  10:48  Command Center  
  131  10:51  Marine x2  
  133  11:12  Supply Depot  
  133  11:13  Supply Depot  
  133  11:33  SCV, Marine x5  
  133  11:34  Marauder  
  133  11:35  Marauder, Marine x3  
  146  11:41  Command Center  
  146  11:51  Marine x3  
  149  11:57  Marauder, Marine x5  
  149  11:59  Marauder  
  123  12:08  Terran Infantry Weapons Level 3  
  123  12:09  Terran Infantry Armor Level 3, Marine x3  
  123  12:15  Marine x5  
  131  12:19  Marauder  
  131  12:21  Marauder  
  135  12:25  Liberator x2  
  128  12:30  Marine x3  
  128  12:32  Marine x5  
  136  12:40  Marauder  
  136  12:42  Marauder  
  146  12:47  Marine  
  146  12:48  Marine x2  
  146  12:50  Marine x5  
  154  13:02  Orbital Command, Marauder  
  154  13:03  Marauder  
  154  13:05  Marine x2  
  158  13:06  Marine  
  158  13:10  Marine x4  
  158  13:11  Marine  
  166  13:23  Marauder, Marine  
  166  13:25  Marauder  
  171  13:31  Marine x7  
  178  13:41  Marine  
  179  13:52  Marine  
  179  13:53  Marine x2  
  179  13:54  Marine, SCV x3  
  179  13:56  Marauder  
  179  14:05  Marauder, Marine x3  
  179  14:06  SCV  
  133  14:16  Marine x3  
  133  14:17  Marauder, Marine x2  
  124  14:23  Marine x3  
  129  14:27  Marauder  
  129  14:28  Supply Depot  
  131  14:34  Marine x5  
  131  14:38  Orbital Command, Marauder  
  136  14:41  Marine x3  
  141  14:48  Marauder  
  141  14:52  Marine x5  
  147  14:58  Marine x2  
  147  14:59  Marine  
  151  15:00  Marauder  
  153  15:12  Marauder, Marine x5  
  160  15:20  Marine x3  
  165  15:21  Marauder  
  162  15:29  Marine x2  
  162  15:32  Marine  
  162  15:33  Marauder, Marine x2  
  138  15:38  Marine x3  
  120  15:43  Marauder  
  120  15:47  Marine x2  
  120  15:50  Marine x2  
  120  15:51  Marine  
  120  15:54  SCV x3  
  120  15:55  Marauder  
  120  15:56  Marine x3  
  122  16:04  Marauder  
  122  16:06  SCV x3  
  122  16:09  Marine x2  
  122  16:10  Marine x3  
  122  16:16  Marauder  
  119  16:22  Marine  
  119  16:23  Marine x2  
  122  16:25  Marauder  
  122  16:27  Marine x3  
  122  16:28  Marine x2  
  126  16:38  Marauder  
  128  16:40  Marine x2  
  128  16:41  Marine  
  128  16:43  Medivac x3  
  128  16:45  Marine x4  
  128  16:46  Marine  
  144  16:47  Marauder  
  144  16:51  Supply Depot  
  144  16:53  Supply Depot  
  144  16:54  Supply Depot  
  144  16:58  Marine x3  
  144  16:59  Marauder  
  144  17:00  Barracks  
  149  17:03  Marine  
  149  17:05  Marine  
  149  17:06  Marine x3  
  156  17:08  Marauder  
  156  17:12  Medivac  
  156  17:13  Medivac x2  
  162  17:16  Marine x3  
  162  17:20  Marauder  
  162  17:21  Marine  
  168  17:23  Marine x2  
  168  17:24  Marine x2  
  168  17:25  Liberator, SCV  
  175  17:30  Marauder  
  175  17:34  Marine x3  
  178  17:38  Marine  
  178  17:41  Marine x4  
  178  17:42  Marauder  
  178  17:43  Medivac x2  
  194  17:51  Marauder  
  194  17:52  Marine x3  
  194  17:56  Marine  
  175  18:03  Marauder  
  175  18:05  Marine x4  
  178  18:09  Marine x2  
  178  18:10  Marine  
  178  18:12  Marauder  
  177  18:13  Medivac, Viking  
  177  18:14  Marine  
  170  18:23  Marine x4  
  170  18:24  Marauder  
  176  18:27  Marine x3  
  176  18:32  Marine  
  176  18:34  Marauder  
  182  18:41  Marine x4  
Show
View Real Time Build Order
Export as new Build Order

dossi Zerg 

Build Orders: Hatch First 

Get SALT Encoding   

  12  0:01  Drone  
  13  0:13  Overlord  
  13  0:19  Drone  
  14  0:31  Drone x2  
  14  0:35  Drone  
  17  0:55  Hatchery  
  17  0:57  Extractor  
  15  0:58  Drone  
  16  1:13  Spawning Pool  
  16  1:16  Drone  
  16  1:21  Drone  
  17  1:27  Drone  
  17  1:31  Drone  
  19  1:39  Drone  
  20  1:50  Overlord  
  20  2:00  Queen  
  22  2:06  Queen  
  23  2:17  Zergling x4  
  23  2:20  Metabolic Boost  
  25  2:33  Zergling x4  
  25  2:35  Drone  
  28  2:39  Queen  
  30  2:47  Queen  
  32  2:58  Drone  
  32  2:59  Drone x2  
  32  3:00  Overlord  
  35  3:18  Drone  
  35  3:19  Drone x2, Zergling x2  
  40  3:20  Zergling x4  
  41  3:28  Drone x2  
  41  3:29  Drone  
  41  3:32  Overlord  
  44  3:45  Overlord  
  44  3:46  Overlord  
  44  4:05  Baneling Nest, Extractor  
  44  4:06  Drone x2  
  44  4:21  Hatchery, Zergling x12  
  44  4:22  Zergling x4  
  51  4:35  Lair  
  51  4:39  Drone x4  
  55  4:57  Drone x3  
  57  5:15  Drone x3  
  58  5:24  Drone  
  58  5:26  Overlord x3  
  59  5:38  Zergling x6  
  59  5:39  Zergling x6  
  65  5:49  Extractor  
  64  5:51  Baneling x2, Extractor  
  64  5:52  Baneling x4  
  64  5:56  Evolution Chamber  
  62  5:58  Evolution Chamber  
  62  6:02  Drone x2  
  62  6:03  Drone x3, Overlord  
  62  6:04  Overlord  
  66  6:06  Zergling x10  
  66  6:10  Centrifical Hooks  
  71  6:25  Drone x3  
  74  6:27  Zergling x4  
  74  6:28  Zergling x4  
  74  6:31  Baneling x5  
  78  6:33  Zerg Ground Armor Level 1  
  78  6:36  Zerg Melee Weapons Level 1  
  78  6:38  Drone x3  
  78  6:39  Drone x2  
  83  6:40  Drone  
  83  6:41  Zergling x2  
  83  6:43  Zergling x2  
  86  6:59  Baneling  
  86  7:00  Baneling x3  
  86  7:04  Drone x2  
  86  7:05  Drone x2  
  90  7:13  Zergling x6  
  90  7:14  Zergling x4  
  90  7:15  Infestation Pit  
  92  8:00  Zergling x2  
  92  8:01  Zergling x24  
  81  8:22  Zergling x6  
  81  8:23  Zergling x8  
  82  8:30  Overlord x2  
  82  8:33  Baneling x4  
  82  8:34  Baneling x8  
  82  8:38  Zerg Ground Armor Level 2, Zerg Melee Weapons Level 2  
  82  8:40  Hive  
  82  8:41  Drone  
  82  8:42  Drone x2  
  85  8:53  Zergling x4  
  67  9:04  Zergling x16  
  67  9:05  Zergling x2  
  64  9:39  Baneling x10  
  64  9:40  Hatchery, Baneling x2  
  64  9:52  Zergling x2  
  64  9:53  Zergling x16  
  64  9:54  Zergling x2  
  73  10:02  Ultralisk Cavern  
  73  10:03  Hatchery  
  73  10:06  Hatchery  
  70  10:10  Extractor  
  70  10:11  Extractor  
  70  10:12  Zergling x2  
  70  10:13  Zergling x2  
  70  10:25  Spore Crawler  
  70  10:27  Spore Crawler  
  68  10:35  Spore Crawler  
  67  10:36  Spore Crawler x2  
  67  10:39  Spore Crawler  
  67  10:41  Spore Crawler  
  63  10:43  Zergling x18  
  63  10:46  Adrenal Glands  
  63  10:49  Chitinous Plating  
  72  10:51  Ultralisk x2  
  72  10:52  Queen  
  86  11:03  Zergling x6  
  86  11:04  Zergling x2  
  90  11:21  Queen  
  92  11:40  Pneumatized Carapace  
  92  11:46  Ultralisk x2  
  104  11:48  Zergling x4  
  104  11:49  Zergling x16  
  95  12:08  Spore Crawler  
  95  12:13  Queen  
  95  12:15  Spore Crawler  
  95  12:18  Spore Crawler  
  95  12:20  Zergling x14  
  95  12:21  Zergling x14  
  83  12:35  Drone, Zergling x2  
  77  12:40  Zerg Melee Weapons Level 3  
  77  12:42  Zergling x2  
  77  12:43  Zergling x6  
  81  12:58  Zergling x10  
  84  12:59  Zergling x4  
  84  13:02  Zergling x2  
  89  13:13  Drone x5  
  94  13:29  Baneling x4  
  94  13:30  Baneling x3  
  94  13:31  Baneling x4  
  94  13:38  Zergling x8  
  98  13:45  Ultralisk  
  85  14:17  Ultralisk, Zergling x8  
  79  14:18  Ultralisk  
  79  14:23  Zergling x8  
  93  14:32  Ultralisk  
  99  14:49  Ultralisk  
  105  15:05  Ultralisk  
  95  15:21  Zergling x2  
  95  15:22  Zergling x34  
  56  16:14  Spire  
  53  16:45  Extractor  
  52  16:47  Extractor  
  52  16:53  Zergling x2  
  52  16:54  Zergling x6  
  52  16:55  Ultralisk, Zergling x4  
  52  16:56  Zergling x4  
  52  16:57  Zergling x8  
  52  16:58  Zergling x10  
  74  17:05  Hatchery  
  73  17:27  Extractor  
  73  17:28  Corruptor x2  
  76  17:31  Extractor  
  76  17:32  Zergling x20  
  76  17:33  Zergling x4  
  61  17:58  Zergling x2  
  61  17:59  Corruptor x2, Zergling x14  
  57  18:23  Zergling x2  
  57  18:24  Zergling x10  
  63  18:29  Corruptor x2  
Tags
 
Add a new tag
Caveats
  • Supply blocks, unpowered buildings, or Contaminate may cause inaccurate times.
  • Supply counts are checked every 10 seconds.